Map: [ESL] Site Delta

Players

Rogue

  • Race: Zerg Zerg
  • Spawn Location: 11:00

Elazer - Winner!

  • Race: Zerg Zerg
  • Spawn Location: 5:00

Event: ESL Spring 2024 Finals

VOD

Have the link to the VOD?

Description

Time

  • Played on: May 31, 2024, 1:40 p.m.
  • Length: 11:41

All games in this series

Show
View Real Time Build Order
Export as new Build Order

Rogue Zerg 

Build Orders: Hatch First 

Get SALT Encoding   

  12  0:00  Drone  
  13  0:12  Overlord  
  13  0:17  Drone  
  14  0:30  Drone  
  14  0:31  Drone  
  16  0:49  Hatchery  
  15  0:50  Drone  
  15  0:54  Drone  
  17  0:57  Drone  
  18  1:08  Extractor  
  17  1:12  Spawning Pool  
  17  1:15  Drone  
  17  1:19  Drone  
  18  1:28  Drone  
  19  1:38  Drone  
  20  1:49  Drone  
  21  2:00  Queen x2  
  21  2:01  Zergling x2, Overlord  
  26  2:08  Metabolic Boost  
  26  2:12  Zergling x4  
  28  2:20  Spine Crawler  
  28  2:22  Zergling x4  
  29  2:32  Zergling x2  
  29  2:34  Zergling x2  
  26  2:45  Zergling x4  
  25  2:59  Zergling x2  
  25  3:00  Zergling x2  
  25  3:05  Zergling x2  
  22  3:07  Zergling x2  
  22  3:10  Queen  
  23  3:15  Zergling x2  
  23  3:19  Zergling x2  
  25  3:25  Zergling x2  
  26  3:30  Zergling x2  
  27  3:34  Zergling x2  
  27  3:40  Zergling x4  
  26  3:49  Drone x2  
  28  3:57  Drone x2  
  28  4:02  Drone  
  31  4:04  Drone  
  32  4:12  Drone  
  28  4:17  Drone  
  28  4:20  Drone  
  28  4:22  Drone  
  30  4:25  Drone  
  30  4:28  Drone x2  
  32  4:35  Lair  
  31  4:42  Zergling x6  
  31  4:45  Drone  
  35  4:46  Drone  
  35  4:52  Evolution Chamber  
  35  4:56  Overlord  
  35  5:02  Drone  
  35  5:03  Extractor  
  35  5:05  Drone, Overlord  
  37  5:14  Drone x2  
  37  5:15  Drone x3  
  41  5:22  Drone  
  41  5:23  Drone  
  41  5:25  Drone x2  
  41  5:26  Drone  
  41  5:28  Drone  
  47  5:29  Extractor  
  47  5:32  Extractor  
  47  5:33  Zergling x2  
  46  5:42  Spire  
  45  5:49  Roach Warren  
  43  5:51  Overlord  
  43  6:00  Overlord, Evolution Chamber  
  43  6:02  Overlord  
  42  6:07  Drone  
  42  6:09  Overlord  
  43  6:14  Drone x3  
  46  6:28  Roach x4  
  54  6:33  Evolution Chamber  
  54  6:34  Roach  
  54  6:37  Roach  
  55  6:40  Roach  
  55  6:45  Roach  
  56  6:52  Roach x3  
  59  6:58  Roach  
  53  7:02  Roach  
  53  7:07  Roach  
  49  7:12  Evolution Chamber  
  46  7:21  Mutalisk x2  
  49  7:27  Mutalisk  
  51  7:32  Mutalisk  
  53  7:38  Mutalisk  
  53  7:43  Mutalisk  
  55  7:50  Mutalisk  
  59  7:59  Roach  
  61  8:14  Hatchery  
  60  8:20  Mutalisk  
  60  8:26  Mutalisk  
  64  8:34  Overlord  
  64  8:44  Mutalisk  
  66  8:54  Queen  
  68  9:00  Drone  
  69  9:08  Drone  
  70  9:14  Drone  
  69  9:22  Drone  
  70  9:27  Queen  
  70  9:30  Drone  
  73  9:41  Mutalisk x2  
  77  9:47  Mutalisk  
  79  9:52  Overlord  
  79  9:56  Drone  
  80  10:03  Mutalisk  
  80  10:06  Drone  
  83  10:08  Overlord  
  83  10:17  Mutalisk  
  83  10:20  Mutalisk  
  87  10:25  Mutalisk  
  89  10:29  Mutalisk  
  89  10:32  Drone  
  92  10:40  Mutalisk  
  94  10:48  Overlord, Mutalisk  
  94  10:55  Drone x3  
  97  10:59  Baneling Nest  
  97  11:03  Drone x2  
  98  11:17  Overlord  
  98  11:22  Overlord  
Show
View Real Time Build Order
Export as new Build Order

Elazer Zerg - Winner!

Build Orders: 1 Base Baneling Bust, Pool First 

Get SALT Encoding   

  12  0:00  Drone  
  13  0:10  Extractor  
  12  0:24  Spawning Pool  
  12  0:28  Drone  
  12  0:33  Drone  
  13  0:38  Drone  
  14  0:50  Overlord  
  14  1:10  Zergling x4, Metabolic Boost  
  16  1:14  Zergling x2  
  17  1:22  Zergling x2  
  18  1:32  Baneling Nest  
  17  1:35  Zergling x2  
  18  1:44  Zergling x2  
  19  1:54  Zergling x2  
  20  2:05  Zergling x2  
  21  2:15  Baneling, Hatchery  
  21  2:16  Baneling  
  21  2:20  Zergling x2  
  21  2:38  Zergling x2  
  19  2:45  Baneling  
  19  2:48  Queen  
  21  2:56  Zergling x2  
  20  3:08  Zergling x4  
  20  3:11  Drone  
  20  3:12  Baneling  
  22  3:27  Queen  
  22  3:34  Drone x3  
  27  3:39  Drone  
  27  3:46  Drone  
  28  3:50  Overlord  
  28  4:09  Drone x4  
  32  4:12  Overlord  
  29  4:20  Drone x2  
  28  4:31  Spore Crawler  
  28  4:33  Drone x3  
  28  4:37  Drone x2  
  32  4:39  Drone  
  32  4:41  Drone  
  34  4:49  Drone x3  
  34  4:50  Drone  
  38  5:07  Hatchery, Zergling x2  
  37  5:08  Zergling x2  
  37  5:11  Zergling x4  
  37  5:13  Zergling x2  
  42  5:16  Zergling x4  
  44  5:21  Overlord  
  44  5:36  Overlord  
  44  5:37  Hatchery  
  44  5:39  Zergling x14  
  50  5:48  Zergling x4  
  52  5:52  Overlord  
  52  5:53  Zergling x2  
  51  5:58  Zergling x2  
  51  5:59  Zergling x2  
  51  6:04  Zergling x2  
  54  6:09  Zergling x6  
  57  6:13  Zergling x2  
  57  6:17  Baneling x8  
  58  6:18  Zergling x4  
  58  6:25  Zergling x2  
  61  6:30  Zergling x2  
  62  6:33  Baneling x7  
  62  6:34  Zergling x6  
  63  6:43  Zergling x4  
  61  6:50  Zergling x6  
  59  6:58  Zergling x6  
  59  7:02  Zergling x10  
  59  7:09  Queen  
  59  7:11  Zergling x4  
  56  7:19  Roach Warren, Extractor  
  56  7:20  Zergling x2  
  56  7:21  Zergling x2  
  52  7:26  Drone x2  
  54  7:31  Lair  
  54  7:32  Drone  
  54  7:33  Drone  
  54  7:34  Drone  
  57  7:39  Overlord  
  57  7:42  Drone  
  58  7:45  Overlord  
  58  7:46  Overlord  
  58  7:51  Extractor  
  58  7:58  Overlord  
  57  7:59  Queen x2  
  57  8:02  Spore Crawler x2  
  57  8:03  Spore Crawler  
  58  8:08  Drone x4  
  58  8:12  Drone  
  63  8:13  Drone  
  63  8:16  Drone  
  63  8:19  Drone  
  66  8:20  Drone  
  67  8:27  Spore Crawler  
  67  8:30  Spore Crawler, Queen  
  67  8:33  Drone  
  68  8:38  Drone x3  
  68  8:40  Spore Crawler  
  71  8:43  Drone x2  
  71  8:44  Drone  
  76  8:48  Drone x3  
  76  8:50  Drone  
  76  8:53  Drone  
  78  8:56  Spore Crawler  
  78  9:00  Drone, Spore Crawler  
  78  9:02  Drone x2  
  78  9:05  Drone x2  
  79  9:18  Overlord  
  79  9:19  Hydralisk Den  
  79  9:22  Queen  
  79  9:24  Roach x5  
  88  9:26  Drone x2  
  90  9:31  Extractor  
  90  9:34  Drone  
  90  9:36  Spore Crawler, Drone  
  90  9:38  Drone x5  
  90  9:39  Spore Crawler  
  90  9:44  Extractor  
  93  9:46  Overlord x3  
  93  9:51  Overlord  
  93  9:52  Drone x2  
  95  9:53  Glial Reconstitution  
  95  9:58  Grooved Spines  
  95  9:59  Evolution Chamber  
  94  10:03  Hydralisk x2  
  98  10:08  Hydralisk x3  
  98  10:14  Hydralisk x2  
  105  10:22  Hydralisk x3  
  105  10:26  Extractor  
  105  10:27  Extractor x2  
  111  10:28  Drone x3  
  111  10:29  Drone  
  111  10:43  Hydralisk x3  
  111  10:47  Roach  
  119  10:57  Overlord x2  
  119  10:58  Drone x3  
  122  11:11  Hatchery  
  122  11:13  Drone  
  131  11:26  Drone x2  
Tags
 
Add a new tag
Caveats
  • Supply blocks, unpowered buildings, or Contaminate may cause inaccurate times.
  • Supply counts are checked every 10 seconds.